 Dungeon Crawl Stone Soup version 0.24-a0-639-gb70a11d (webtiles) character file.

Game seed: 6468597494395351256, levelgen mode: deterministic

739 Firecrotchwizard the Conjurer (level 7, -1/50 HPs)
             Began as a White Draconian Wizard on Sept 21, 2019.
             Slain by an ice beast (4 damage)
             ... on level 5 of the Dungeon.
             The game lasted 00:17:26 (7880 turns).

Firecrotchwizard the Conjurer (DrWz)                Turns: 7880, Time: 00:17:26

Health: -1/50      AC:  6    Str: 14    XL:     7   Next: 46%
Magic:  11/14      EV: 12    Int: 20    God:
Gold:   110        SH:  0    Dex: 10    Spells: 10/16 levels left

rFire    . . .     SeeInvis .   v - +1 spear "Hiynish" {flame, rElec Str+5}
rCold    + . .     Gourm    .   (no shield)
rNeg     . . .     Faith    .   (armour unavailable)
rPois    .         Spirit   .   a - +0 hat
rElec    +         Reflect  .   (no cloak)
rCorr    .         Harm     .   (no gloves)
MR       .....                  (no boots)
Stlth    ++........             (no amulet)
HPRegen  0.16/turn              (no ring)
MPRegen  0.14/turn              (no ring)

@: no status effects
A: breathe frost, unfitting armour, cold resistance 1, cold-blooded, AC +6
a: Breathe Frost


You were on level 5 of the Dungeon.
You were hungry.

You visited 1 branch of the dungeon, and saw 5 of its levels.
You also visited: Sewer.

You collected 110 gold pieces.

Inventory:

Hand Weapons
 b - a +0 whip
   (You found it on level 1 of the Dungeon)
 n - a +2 dagger of speed
   (You found it on level 2 of the Dungeon)
 v - the +1 spear "Hiynish" (weapon) {flame, rElec Str+5}
   (You found it on level 4 of the Dungeon)

   It has been specially enchanted to burn those struck by it, causing extra
   injury to most foes and up to half again as much damage against particularly
   susceptible opponents.
   It affects your strength (+5).
   It insulates you from electricity.
Armour
 a - a +0 hat (worn)
Wands
 j - a wand of enslavement (10)
   (You found it on level 3 of the Dungeon)
 q - a wand of random effects (18)
   (You found it on level 4 of the Dungeon)
Scrolls
 d - 2 scrolls of enchant weapon {unknown}
 g - 3 scrolls of identify
 i - 3 scrolls of remove curse {unknown}
 k - 3 scrolls of teleportation {unknown}
 o - a scroll of enchant armour {unknown}
 r - a scroll of noise {unknown}
Potions
 e - 2 potions of ambrosia {unknown}
 f - 2 potions of agility {unknown}
 h - 3 potions of lignification {unknown}
 l - a potion of degeneration {unknown}
 m - 2 potions of heal wounds {unknown}
 p - 2 potions of might {unknown}
 s - 2 potions of curing {unknown}
 t - 2 potions of haste {unknown}
 u - a potion of flight {unknown}
 x - a potion of berserk rage {unknown}
Comestibles
 c - 6 rations
 w - 4 chunks of flesh {@w0}


   Skills:
 - Level 1.8 Dodging
 - Level 1.8 Stealth
 + Level 5.2 Spellcasting
 * Level 6.7 Conjurations
 - Level 1.0 Summonings
   Level 1.0 Translocations


You had 10 spell levels left.
You knew the following spells:

 Your Spells              Type           Power        Failure   Level  Hunger
a - Magic Dart            Conj           ####         1%          1    None
b - Conjure Flame         Conj/Fire      ###.....     9%          3    ##.....
c - Call Imp              Summ           #.......     12%         2    None

Your spell library contained the following spells:

 Spells                   Type           Power        Failure   Level  Hunger
 Beastly Appendage        Tmut           #.....       12%         1    None
 Blink                    Tloc           N/A          12%         2    None
 Mephitic Cloud           Conj/Pois/Air  ##......     14%         3    ##.....
 Slow                     Hex            #.......     17%         2    None
 Sticks to Snakes         Tmut           #.......     17%         2    None
 Spider Form              Tmut/Pois      #.........   34%         3    ##.....
 Ice Form                 Ice/Tmut       #.......     75%         4    ####...
 Blade Hands              Tmut           #.........   97%         5    #####..


Dungeon Overview and Level Annotations

Branches:
Dungeon (5/15)              Sewer (visited)
 Temple: D:4-7

Altars:
Elyvilon
Kikubaaqudgha
Yredelemnul

Annotations:
D:5 1 transporter, Menkaure


Innate Abilities, Weirdness & Mutations

You can breathe waves of freezing cold.
You can buffet flying creatures when you breathe cold.
Your icy white scales are hard. (AC +6)
You cannot fit into any form of body armour.
Your flesh is cold resistant. (rC+)
You are cold-blooded and may be slowed by cold attacks.


Message History

Aim: an adder (heavily wounded)
The magic dart hits the adder.
You kill the adder!
You now have 10/14 mp.
You can't see any susceptible monsters within range! (Use Z to cast anyway.) Unknown command.
You see here an adder corpse.
You butcher the adder corpse.
w - 4 chunks of flesh {@w0} (gained 2)
You see here an adder skeleton.
The floor.
The shadow imp shouts!
Menkaure screams, "Why can't you leave me to my rest?"
An ice beast comes into view.
MP restored: 14 Attack whom?
Aim: an ice beast You reach to attack!
You hit the ice beast but do no damage. You closely miss the ice beast.
The ice beast hits you. The ice beast freezes you. You resist.
You take 4 damage, and have 46/50 hp.
You closely miss the ice beast.
The ice beast hits you but does no damage.
You closely miss the ice beast. The ice beast closely misses you.
The ice beast misses you.
You hit the ice beast but do no damage. The ice beast closely misses you.
You hit the ice beast but do no damage. The ice beast hits you.
The ice beast freezes you. You resist.
You take 5 damage, and have 42/50 hp.
You closely miss the ice beast. The ice beast hits you.
The ice beast freezes you. You resist.
You take 5 damage, and have 37/50 hp.
Aim: an ice beast The magic dart hits the ice beast.
The ice beast hits you. The ice beast freezes you. You resist.
You take 5 damage, and have 32/50 hp.
You now have 13/14 mp.
Aim: an ice beast (lightly wounded)
The magic dart hits the ice beast.
The ice beast hits you but does no damage.
You now have 12/14 mp.
Aim: an ice beast (lightly wounded)
The magic dart hits the ice beast but does no damage.
The ice beast hits you but does no damage.
You now have 11/14 mp.
Aim: an ice beast (lightly wounded)
The magic dart hits the ice beast.
You are feeling hungry.
The ice beast hits you. The ice beast freezes you. You resist.
You take 8 damage, and have 24/50 hp.
You now have 10/14 mp.
Aim: an ice beast (moderately wounded)
The magic dart hits the ice beast.
The ice beast hits you but does no damage.
You now have 9/14 mp.
Aim: an ice beast (moderately wounded)
The magic dart hits the ice beast but does no damage.
The ice beast hits you but does no damage.
You now have 8/14 mp.
You hit the ice beast.
You melt the ice beast.
The ice beast hits you. The ice beast freezes you. You resist.
You take 5 damage, and have 19/50 hp.
You hit the ice beast.
You melt the ice beast.
The ice beast hits you but does no damage.
You barely miss the ice beast.
The ice beast hits you but does no damage.
You closely miss the ice beast.
The ice beast hits you but does no damage.
You barely miss the ice beast. The ice beast misses you.
You closely miss the ice beast. The ice beast misses you.
You barely miss the ice beast.
The ice beast hits you but does no damage.
The ice beast closely misses you.
You closely miss the ice beast.
Your tail-slap misses the ice beast.
The ice beast barely misses you.
You completely miss the ice beast.
The ice beast hits you but does no damage.
You hit the ice beast.
You melt the ice beast.
You tail-slap the ice beast.
The ice beast hits you but does no damage.
You barely miss the ice beast. The ice beast barely misses you.
You hit the ice beast.
You melt the ice beast.
The ice beast hits you but does no damage.
You closely miss the ice beast. The ice beast closely misses you.
You hit the ice beast but do no damage. The ice beast hits you.
The ice beast freezes you. You resist.
* * * LOW HITPOINT WARNING * * *
You take 7 damage, and have 15/50 hp.
You closely miss the ice beast. The ice beast barely misses you.
You hit the ice beast.
You melt the ice beast.
The ice beast barely misses you.
You hit the ice beast but do no damage. The ice beast hits you.
* * * LOW HITPOINT WARNING * * *
The ice beast freezes you! You resist.
* * * LOW HITPOINT WARNING * * *
The ice beast hits you but does no damage.
You take 9 damage, and have 6/50 hp.
You barely miss the ice beast. The ice beast closely misses you.
You hit the ice beast but do no damage.
You tail-slap the ice beast, but do no damage.
The ice beast hits you.
* * * LOW HITPOINT WARNING * * *
The ice beast freezes you. You resist.
You die...

# #.........#.....#
#######.#.###.....#
..#
#............####
#.#
#...##.......'...
#.#
#.#.#####....###
#.# #.#.## #....#
#.# #.#..# #....#
#.####.##.## #....#
...........# #..@.#
.......###.#
#.#Y..(# ######.#
.....+........ #.#
..##.#....#### #.#
............. ...
.............. #.#
##.#.#####.... ...
....


You could see an ice beast.

Vanquished Creatures
  3 ogres
  A phantom (D:5)
  A crimson imp (D:4)
  An orc priest (D:3)
  A jelly (D:4)
  2 bullfrog skeletons
  A worker ant (D:5)
  7 adders
  A river rat (D:4)
  A shadow imp (D:5)
  A white imp (D:4)
  9 worms
  A dart slug (D:3)
  2 leopard geckos
  6 orcs
  8 giant cockroaches
  7 goblins
  11 hobgoblins
  8 jackals (Sewer)
  11 kobolds
  2 quokkas
  8 ball pythons
  11 bats
  7 frilled lizards
  12 rats
123 creatures vanquished.

Notes
Turn   | Place    | Note
-------+----------+-------------------------------------------
     0 | D:1      | Firecrotchwizard the Draconian Wizard began the quest for
                  | the Orb.
     0 | D:1      | Reached XP level 1. HP: 14/14 MP: 4/4
    83 | D:1      | HP: 1/14 [hobgoblin/+0 club (3)]
   550 | D:1      | Reached XP level 2. HP: 17/20 MP: 6/6
   810 | D:1      | Reached skill level 2 in Conjurations
  1545 | D:2      | HP: 5/20 [poisoned by an adder]
  1552 | D:2      | Reached XP level 3. HP: 6/26 MP: 0/7
  1553 | D:2      | HP: 5/26 [poisoned by an adder]
  3168 | D:2      | Reached skill level 3 in Conjurations
  3943 | D:2      | Reached XP level 4. HP: 32/33 MP: 9/9
  4027 | D:3      | Noticed an ogre
  4708 | D:3      | Reached skill level 4 in Conjurations
  4708 | D:3      | Reached XP level 5. HP: 27/38 MP: 3/10
  4838 | D:3      | Reached skill level 4 in Spellcasting
  5322 | D:3      | Killed an ogre
  5322 | D:3      | Reached XP level 6. HP: 45/45 MP: 3/12
  5388 | D:3      | Learned a level 2 spell: Call Imp
  5392 | D:3      | Learned a level 3 spell: Conjure Flame
  5696 | D:4      | Reached skill level 5 in Conjurations
  6219 | D:4      | Found a glowing drain.
  6235 | Sewer    | Entered a sewer
  7030 | D:4      | Reached skill level 5 in Spellcasting
  7030 | D:4      | Reached skill level 6 in Conjurations
  7030 | D:4      | Your scales start taking on an icy white colour.
  7030 | D:4      | Reached XP level 7. HP: 50/50 MP: 8/14
  7030 | D:4      | Gained mutation: Your flesh is cold resistant. (rC+) [White
                  | Draconian growth]
  7361 | D:4      | Found a white marble altar of Elyvilon.
  7434 | D:4      | Got a transparent spear
  7436 | D:4      | Identified the +1 spear "Hiynish" {flame, rElec Str+5} (You
                  | found it on level 4 of the Dungeon)
  7484 | D:5      | Entered Level 5 of the Dungeon
  7795 | D:5      | Found a transporter.
  7795 | D:5      | Found an ancient bone altar of Kikubaaqudgha.
  7805 | D:5      | Noticed Menkaure
  7811 | D:5      | Found a basalt altar of Yredelemnul.
  7811 | D:5      | Noticed a wraith
  7878 | D:5      | HP: 6/50 [ice beast (7)]
  7880 | D:5      | Slain by an ice beast

Levels and vault maps discovered:
D:1:      elethiomel_arrival_shortcut, layout_loops_corners
D:2:      minmay_chambers_of_ones, layout_basic, serial_forest,
          infiniplex_forest_clump_double, infiniplex_forest_corner_2,
          infiniplex_forest_straight_4, infiniplex_forest_clump_curved,
          infiniplex_forest_clump_tiny, infiniplex_forest_diagonal
D:3:      layout_loops_ring
D:4:      layout_rooms, lemuel_coloured_pillars_altar, portal_sewer_entry_e,
          first_ration, chequers_serial_rivers_small_3, minmay_fire_ice_demons
D:5:      layout_basic, gammafunk_temple_of_torment

Skill      XL: |  1  2  3  4  5  6 |
---------------+-------------------+-----
Conjurations   | 2 3 4 6 |  6.7
Spellcasting   | 4 5 |  5.2
Dodging        | |  1.8
Stealth        | |  1.8
Summonings     | |  1.0
Translocations | |  1.0

Action                   |  1- 3 |  4- 6 |  7- 9 || total
-------------------------+-------+-------+-------++-------
Melee: Whip              |   146 |       |       ||   146
       Tailslap          |    10 |    18 |     9 ||    37
       Dagger            |     2 |   289 |    12 ||   303
       Spear             |       |       |    63 ||    63
 Cast: Magic Dart        |    90 |    73 |    23 ||   186
       Conjure Flame     |       |     1 |       ||     1
  Use: Scroll            |     1 |       |       ||     1
 Stab: Sleeping          |     4 |     2 |       ||     6
  Eat: Chunk             |     9 |    10 |     3 ||    22
Armor: Skin              |    55 |    84 |    26 ||   165
Dodge: Dodged            |   121 |   149 |    35 ||   305

Table legend:
 A = Non-vault XP
 B = Vault XP
 C = Vault XP percentage of total XP
 D = Non-vault monster count
 E = Vault monster count
 F = Vault count percentage of total count
                 A         B        C        D         E       F
            +---------+---------+-------+---------+---------+-------
      Total |     896 |     160 |  15.2 |      89 |      34 |  27.6
            +---------+---------+-------+---------+---------+-------
        D:1 |      31 |       0 |   0.0 |      19 |       0 |   0.0
        D:2 |      55 |      11 |  16.7 |      20 |       5 |  20.0
        D:3 |     295 |       0 |   0.0 |      34 |       0 |   0.0
        D:4 |     334 |      82 |  19.7 |      10 |      10 |  50.0
        D:5 |     181 |       0 |   0.0 |       6 |       0 |   0.0
      Sewer |       0 |      67 | 100.0 |       0 |      19 | 100.0
            +---------+---------+-------+---------+---------+-------

Levels and vault maps discovered:
D:1:      elethiomel_arrival_shortcut, layout_loops_corners
D:2:      minmay_chambers_of_ones, layout_basic, serial_forest,
          infiniplex_forest_clump_double, infiniplex_forest_corner_2,
          infiniplex_forest_straight_4, infiniplex_forest_clump_curved,
          infiniplex_forest_clump_tiny, infiniplex_forest_diagonal
D:3:      layout_loops_ring
D:4:      layout_rooms, lemuel_coloured_pillars_altar, portal_sewer_entry_e,
          first_ration, chequers_serial_rivers_small_3, minmay_fire_ice_demons
D:5:      layout_basic, gammafunk_temple_of_torment

Table legend:
 A = Turns spent in this place as a percentage of turns spent in the entire game.
 B = Non-inter-level travel turns spent in this place as a percentage of non-inter-level travel turns spent in the entire game.
 C = Inter-level travel turns spent in this place as a percentage of turns spent in this place.
 D = Turns resting spent in this place as a percentage of non-inter-level travel turns spent in this place.
 E = Turns spent auto-exploring this place as a percentage of non-inter-level travel turns spent in this place.
 F = Non-inter-level travel turns spent in this place divided by the number of levels of this place that you've seen.
                   A       B       C       D       E      F
               +-------+-------+-------+-------+-------+----------------------
         Total | 100.0 | 100.0 |   2.9 |  41.3 |  37.7 | 1275.2
       Dungeon |  90.7 |  90.4 |   3.2 |  44.1 |  35.8 | 1384.0
         Sewer |   9.3 |   9.6 |   0.0 |  14.8 |  56.4 | 731.0
               +-------+-------+-------+-------+-------+----------------------

Table legend:
 A = Kills in this place as a percentage of kills in entire the game.
 B = Kills by you in this place as a percentage of kills by you in the entire game.
 C = Kills by friends in this place as a percentage of kills by friends in the entire game.
 D = Other kills in this place as a percentage of other kills in the entire game.
 E = Experience gained in this place as a percentage of experience gained in the entire game.
 F = Experience gained in this place divided by the number of levels of this place that you have seen.
                   A       B       C       D       E      F
               +-------+-------+-------+-------+-------+----------------------
         Total | 100.0 | 100.0 |   N/A |   N/A | 100.0 | 176.0
       Dungeon |  84.6 |  84.6 |   N/A |   N/A |  93.7 | 197.8
         Sewer |  15.4 |  15.4 |   N/A |   N/A |   6.3 |  67.0
               +-------+-------+-------+-------+-------+----------------------
